 Dungeon Crawl Stone Soup version 0.31-a0-1074-g0b22e4e0f1 (webtiles) character file.

Game seed: 1376447664107084166

2714 Drazool the Basher (level 8, -1/43 HPs)
             Began as a Vine Stalker Fighter on Nov 20, 2023.
             Was a Follower of Ru.
             Killed by divine providence
             ... invoked by an orc priest
              (9 damage)
             ... on level 7 of the Dungeon on Nov 27, 2023.
             The game lasted 00:25:11 (6041 turns).

Drazool the Basher (Vine Stalker Fighter)           Turns: 6041, Time: 00:25:12

Health: -1/43      AC:  9    Str: 23    XL:     8   Next: 66%
Magic:  0/9        EV:  9    Int:  8    God:    Ru [*.....]
Gold:   442        SH:  4    Dex: 14    Spells: 7/7 levels left

rFire   . . .        a - +2 flail
rCold   . . .        c - +0 buckler
rNeg    . . .        p - +0 scale mail
rPois   +            i - +0 hat {Stlth+}
rElec   .            j - +2 cloak
rCorr   .            (no gloves)
SInv    +            (no boots)
Will    +....        (no amulet)
Stlth   +            P - ring of poison resistance
HPRegen 1.07/turn    v - ring of see invisible
MPRegen 0.11/turn

%: guardian spirit
@: no status effects
A: fangs 3, regeneration 1, magic shield, antimagic bite, no potion heal 2,
inexperienced 1
a: Renounce Religion


You were on level 7 of the Dungeon.
You worshipped Ru.
Ru was aware of your devotion.
You visited 2 branches of the dungeon, and saw 8 of its levels.

You collected 442 gold pieces.


Innate Abilities, Weirdness & Mutations

You have razor-sharp teeth.
Your natural rate of healing is unusually fast.
When hurt, damage is shared between your health and your magic reserves.
Your bite disrupts and absorbs the magic of your enemies.
Potions cannot restore your health.
You are somewhat inexperienced. (-1 XL)


   Skills:
 - Level 5.0 Fighting
 * Level 10.7 Maces & Flails
 - Level 2.4 Armour
 - Level 2.6 Shields
 - Level 2.9 Shapeshifting


You had 7 spell levels left.
You didn't know any spells.
Your spell library contained the following spells:

 Spells                   Type           Power      Damage    Failure   Level
 Wereblood                Tmut           0%         N/A       90%         2
 Irradiate                Conj/Tmut      0%         3d11      100%        5

Inventory:

Hand Weapons
 a - a +2 flail (weapon)
Missiles
 x - a throwing net {=f}
 y - 35 stones
 H - 6 boomerangs
Armour
 c - a +0 buckler (worn)
 f - a scarf of invisibility
 i - a +0 hat of stealth (worn)
 j - a +2 cloak (worn)
 p - a +0 scale mail (worn)
 D - the orb of Zacid {mayhem, rElec rF++ rC-}
   (You found it on level 4 of the Dungeon)

   rF++:      It greatly protects you from fire.
   rC-:       It makes you vulnerable to cold.
   rElec:     It insulates you from electricity.
 M - a +0 pair of gloves
Jewellery
 v - a ring of see invisible (right hand)
 B - the amulet "Zeucw" {Spirit Fragile rPois Stlth+}
   (You found it on level 4 of the Dungeon)

   [amulet of guardian spirit]

   Spirit:    It causes incoming damage to be divided between your reserves of
   health and magic.
   rPois:     It protects you from poison Fragile: It will be destroyed if
   unequipped.
   Stlth+:    It makes you more stealthy.
 P - a ring of poison resistance (left hand)
 Z - a ring of wizardry
Talismans
 d - a maw talisman
 h - a storm talisman
Wands
 m - a wand of digging (3)
 A - a wand of roots (6)
 F - a wand of mindburst (18)
Scrolls
 b - a scroll of butterflies
 n - a scroll of fog
 q - 5 scrolls of teleportation {@r2}
 u - 2 scrolls of blinking
 E - 3 scrolls of fear
 I - a scroll of amnesia {unknown}
 K - a scroll of enchant armour {unknown}
 N - a scroll of acquirement {unknown}
Potions
 e - 2 potions of curing {@q1}
 g - a potion of mutation {unknown}
 k - a potion of magic {unknown}
 l - 2 potions of attraction {unknown}
 o - a potion of berserk rage {!q}
 r - 3 potions of enlightenment {unknown}
 s - 4 potions of lignification {unknown}
 t - a potion of cancellation {unknown}
 w - a potion of ambrosia {unknown}
 z - a potion of degeneration {unknown}
 C - 2 potions of invisibility {unknown}
 G - 2 potions of brilliance {unknown}
 J - a potion of might

Dungeon Overview and Level Annotations

Branches:
Dungeon (7/15)             Temple (1/1) D:4

Altars:
Ashenzari
Cheibriados
Dithmenos
Elyvilon
Fedhas
Gozag
Hepliaklqana
Kikubaaqudgha
Nemelex Xobeh
Okawaru
Qazlal
Ru
Sif Muna
Trog
Uskayaw
Wu Jian
Xom
Yredelemnul
Zin
The Shining One

Annotations:
D:4 Pikel

...+.....(#.▒.#...........#.▒....
...#####▒.###.#.▒.#...#.▒.#......
...######.....#####.▒.# # ##.....
...#...###.##### ###.# ######
...#.#.# #)#...# #.# .....#.#
#o#.#.######.#
...###.###.#.#.#<.....# ...#
#.....#.#.###.#### ...#
#####.#.#..@..# ...# #.o..o...##
...# ###.####.# ...# #†# #.# ####
#.# #.# #.# #.# #.. ..# ### ###


You could see an orc priest and an orc.


Message History

You barely miss the orc warrior. Your bite misses the orc warrior.
The orc warrior is almost dead.
An orc comes into view. It is wielding a +0 falchion.
The orc warrior hits you with a +0 dire flail.
* * * LOW HITPOINT WARNING * * *
The orc shouts!
You sock the orc warrior!
You kill the orc warrior!
You sock the orc!
You kill the orc!
The orc priest miscasts a cantrip.
The orc priest calls down the wrath of Beogh upon you.
Beogh smites you!
* * * LOW HITPOINT WARNING * * *
The orc barely misses you.
Items here: ( )) [ ††.
You closely miss the orc.
The orc priest invokes the aid of Beogh against you.
Beogh smites you!
* * * LOW HITPOINT WARNING * * *
The orc hits you but does no damage.
Unknown command.
The orc priest begins to pray, but is stunned by your conviction!
The orc attacks as it pursues you! The orc closely misses you.
The orc priest begins to cast a cantrip, but forgets the words!
The orc attacks as it pursues you! The orc hits you with a +0 falchion.
* * * LOW HITPOINT WARNING * * *
The orc priest calls down the wrath of Beogh upon you.
Beogh smites you!
You die...

Skill      XL: |  1  2  3  4  5  6  7  8 |
---------------+-------------------------+-----
Maces & Flails | 2 3 4 5 6 10 | 10.7
Fighting       | 3 4 5 |  5.0
Shapeshifting  | 1 2 |  2.9
Armour         | |  2.4
Shields        | |  2.6

Action                     |  1- 3 |  4- 6 |  7- 9 || total
---------------------------+-------+-------+-------++-------
  Melee: Flail             |    89 |   176 |   240 ||   505
         Bite              |    24 |    49 |    74 ||   147
   Fire: Sling             |     5 |    23 |       ||    28
  Throw: Stone             |       |       |     9 ||     9
         Boomerang         |       |       |    13 ||    13
         Dart              |       |       |     6 ||     6
 Invoke: Sacrifice Experie |       |       |     1 ||     1
  Evoke: Wand              |       |       |     8 ||     8
    Use: Scroll            |     3 |     4 |     3 ||    10
         Potion            |       |     1 |     1 ||     2
   Stab: Sleeping          |       |       |     1 ||     1
         Paralysed         |       |       |     3 ||     3
 Armour: Scale mail        |    62 |   165 |   167 ||   394
         Skin              |       |     1 |       ||     1
  Dodge: Dodged            |    33 |   103 |   105 ||   241
  Block: Buckler           |    18 |    38 |    30 ||    86
         Form:             |       |     1 |       ||     1
         Maw               |       |     1 |       ||     1

Levels and vault maps discovered:
D:1:      psy_arrival_dodecagon, layout_loops_corners, minmay_strange_pillars,
          minmay_misc_feat_square
D:2:      layout_basic, minmay_puff
D:3:      layout_loops_ring, minmay_cupped
D:4:      minmay_spotlight, layout_rooms, mainiacjoe_overflow_paths,
          minmay_temple_entry_tees, dreamdust_gnoll_farm, uniq_pikel,
          uniq_eustachio, uniq_pargi
D:5:      layout_basic, mainiacjoe_overflow_concentric_impassable,
          mainiacjoe_overflow_alcove_1
D:6:      layout_loops_corners, mainiacjoe_overflow_big_doors, serial_undead,
          serial_undead_f, serial_undead_b, serial_undead_d, serial_undead_d,
          kennysheep_another_room, kennysheep_pointless_box,
          hangedman_glass_teeth, kennysheep_nub, reono_crystal_passage,
          uniq_blork_the_orc
D:7:      nicolae_cairo_tiling_large_dashed, layout_basic, lemuel_tele_altar,
          nicolae_concentric_dashed_squares_wild
Temple:   nicolae_temple_superstar

Notes
Turn   | Place    | Note
-------+----------+-------------------------------------------
     0 | D:1      | Drazool the Vine Stalker Fighter began the quest for the
                  | Orb.
     0 | D:1      | Reached XP level 1. HP: 11/11 MP: 2/2
    45 | D:1      | Reached skill level 2 in Maces & Flails
   162 | D:1      | Reached skill level 3 in Fighting
   162 | D:1      | Reached XP level 2. HP: 12/16 MP: 1/3
   493 | D:1      | Reached XP level 3. HP: 19/20 MP: 2/4
   931 | D:2      | Reached skill level 3 in Maces & Flails
  1111 | D:2      | Reached XP level 4. HP: 20/24 MP: 3/5
  2055 | D:3      | Noticed a scorpion
  2059 | D:3      | Killed a scorpion
  2060 | D:3      | Reached skill level 4 in Maces & Flails
  2060 | D:3      | Reached XP level 5. HP: 18/29 MP: 4/6
  2616 | D:4      | Noticed Eustachio
  2760 | D:4      | Reached skill level 4 in Fighting
  2760 | D:4      | Reached XP level 6. HP: 26/33 MP: 3/7
  2768 | D:4      | Found a staircase to the Ecumenical Temple.
  2768 | D:4      | Noticed Pikel
  2849 | D:4      | Noticed Pargi
  2859 | D:3      | Killed Pargi
  2860 | D:3      | Reached skill level 1 in Shapeshifting
  2936 | D:3      | Reached skill level 5 in Maces & Flails
  3102 | D:4      | Found an ornate altar of the Wu Jian Council.
  3168 | D:4      | Reached XP level 7. HP: 38/38 MP: 8/8
  3246 | D:4      | Reached skill level 2 in Shapeshifting
  3461 | Temple   | Entered the Ecumenical Temple
  3471 | Temple   | Killed Eustachio
  3535 | Temple   | Upgraded the game from 0.31-a0-986-g5e6e4ef867 to
                  | 0.31-a0-1074-g0b22e4e0f1
  3550 | Temple   | Became a worshipper of Ru the Awakened
  3580 | D:4      | Identified the amulet "Zeucw" {Spirit Fragile rPois Stlth+}
  3659 | D:4      | Reached skill level 6 in Maces & Flails
  3660 | D:4      | Identified the orb of Zacid {mayhem, rElec rF++ rC-}
  3799 | D:5      | Entered Level 5 of the Dungeon
  3939 | D:5      | Reached skill level 5 in Fighting
  3939 | D:5      | Gained mutation: You have razor-sharp teeth. [Vine Stalker
                  | growth]
  3939 | D:5      | Reached XP level 8. HP: 43/43 MP: 9/9
  4056 | D:5      | Found a shimmering altar of Xom.
  4280 | D:5      | Found a shimmering blue altar of Sif Muna.
  4312 | D:6      | Noticed Blork the orc
  4324 | D:6      | Killed Blork the orc
  4426 | D:6      | Reached skill level 7 in Maces & Flails
  4503 | D:6      | Reached skill level 8 in Maces & Flails
  4566 | D:6      | Found a stormy altar of Qazlal.
  4697 | D:6      | Reached skill level 9 in Maces & Flails
  4697 | D:6      | Reached XP level 9. HP: 35/47 MP: 10/10
  4803 | D:6      | Gained mutation: You are somewhat inexperienced. (-1 XL)
                  | [Ru sacrifice]
  4803 | D:6      | Reached XP level 8. HP: 43/43 MP: 9/9
  4803 | D:6      | Reached * piety under Ru
  5413 | D:6      | Found a glowing silver altar of Zin.
  5623 | D:7      | Reached skill level 10 in Maces & Flails
  5762 | D:7      | Found a white marble altar of Elyvilon.
  6031 | D:7      | HP: 2/43 [orc priest/divine providence (10)]
  6041 | D:7      | Killed from afar by an orc priest

Vanquished Creatures
  Eustachio (Temple)
  An orc warrior (D:7)
  Pargi (D:3)
  An ogre (D:6)
  A black bear (D:6)
  2 centaurs
  4 lemures
  5 phantoms
  2 bullfrogs
  Blork the orc (D:6)
  3 scorpions
  A water moccasin zombie (D:6)
  2 water moccasin skeletons (D:6)
  8 wights
  A centaur zombie (D:6)
  2 bullfrog zombies (D:6)
  3 hounds
  2 orc priests (D:5)
  A bullfrog skeleton (D:6)
  A sleepcap (D:6)
  3 iguanas
  An orc wizard (D:5)
  A killer bee zombie (D:6)
  8 gnolls
  8 adders
  A white imp (D:6)
  4 worms
  A dart slug (D:4)
  11 orcs
  5 bats
  6 endoplasms
  6 giant cockroaches
  8 hobgoblins
  2 jackals (D:1)
  9 kobolds
  4 quokkas
  6 ball pythons
  A frilled lizard (D:3)
  3 goblins
  4 rats
135 creatures vanquished.

Vanquished Creatures (others)
  A sky beast (D:7)
1 creature vanquished.

Grand Total: 136 creatures vanquished

Table legend: (Time is in decaauts)
 A = Elapsed time spent in this place.
 B = Non-inter-level travel time spent in this place.
 C = Inter-level travel time spent in this place.
 D = Time resting spent in this place.
 E = Time spent auto-exploring this place.
 F = Levels seen in this place.
 G = Mean time per level.
                   A        B        C        D        E       F      G
               +--------+--------+--------+--------+--------+-----+--------+
         Total |   6126 |   5818 |    308 |    233 |   3906 |   8 |  765.8 |
       Dungeon |   6010 |   5742 |    268 |    233 |   3894 |   7 |  858.6 |
        Temple |    116 |     76 |     40 |      0 |     12 |   1 |  116.0 |
               +--------+--------+--------+--------+--------+-----+--------+

Top non-repeatable levels by time:
     D:6: 1254 daAuts
     D:3: 1207 daAuts
     D:2: 1059 daAuts
     D:1: 850 daAuts
     D:4: 643 daAuts
     D:5: 514 daAuts
     D:7: 481 daAuts
  Temple: 116 daAuts

Table legend:
 A = Non-vault XP
 B = Vault XP
 C = Vault XP percentage of total XP
 D = Non-vault monster count
 E = Vault monster count
 F = Vault count percentage of total count
                 A         B        C        D         E       F
            +---------+---------+-------+---------+---------+-------
      Total |    2577 |    1301 |  33.5 |     101 |      31 |  23.5
            +---------+---------+-------+---------+---------+-------
        D:1 |      51 |       0 |   0.0 |      22 |       0 |   0.0
        D:2 |      72 |      10 |  12.2 |      13 |       4 |  23.5
        D:3 |     156 |     210 |  57.4 |      22 |       8 |  26.7
        D:4 |     195 |     178 |  47.7 |      11 |       7 |  38.9
        D:5 |     312 |       0 |   0.0 |       6 |       0 |   0.0
        D:6 |     903 |     715 |  44.2 |      14 |      11 |  44.0
        D:7 |     888 |       0 |   0.0 |      13 |       0 |   0.0
     Temple |       0 |     188 | 100.0 |       0 |       1 | 100.0
            +---------+---------+-------+---------+---------+-------
